 Dungeon Crawl Stone Soup version 0.27-a0-705-ga0013940fb (webtiles) character file.

Game seed: 6990278497061309823

3037 JPVeigar the Grappler (level 9, -19/89 HPs)
             Began as a Troll Monk on Mar 23, 2021.
             Was a Priest of Qazlal.
             Demolished by an orc warlord
             ... wielding a +0 war axe
              (30 damage)
             ... in a bailey.
             The game lasted 00:07:59 (5020 turns).

JPVeigar the Grappler (Troll Monk)                  Turns: 5020, Time: 00:08:00

Health: -19/89     AC:  6    Str: 30    XL:     9   Next: 56%
Magic:  8/8        EV: 12    Int:  6    God:    Qazlal [***...]
Gold:   400        SH:  3    Dex: 12    Spells: 8/8 levels left

rFire    . . .     SeeInvis .     - Unarmed
rCold    . . .     Faith    .   (no shield)
rNeg     . . .     Spirit   .   a - +1 robe
rPois    .         Reflect  .   (helmet restricted)
rElec    .         Harm     .   y - +0 cloak
rCorr    .         Rampage  .   (gloves unavailable)
Will     +....                  (boots unavailable)
Stlth    +.........             (no amulet)
HPRegen  1.24/turn              g - ring of willpower
MPRegen  0.11/turn              q - +6 ring of strength

@: no status effects
A: large, unfitting armour, claws 3, regeneration 1, shaggy fur 1, tough skin 1
a: Renounce Religion, Upheaval, Elemental Force


You were in a bailey.
You worshipped Qazlal.
Qazlal was most pleased with you.
You visited 1 branch of the dungeon, and saw 7 of its levels.
You also visited: Bailey.

You collected 400 gold pieces.

Inventory:

Armour
 a - a +1 robe (worn)
 y - a +0 cloak (worn)
Jewellery
 g - a ring of willpower (right claw)
 m - a ring of flight
 q - a +6 ring of strength (left claw)
Wands
 p - a wand of mindburst (26)
 t - a wand of acid (9)
 x - a wand of digging (6)
Scrolls
 b - a scroll of immolation
 c - 3 scrolls of teleportation
 e - a scroll of enchant armour
 h - a scroll of fog
 j - 5 scrolls of identify
 l - a scroll of blinking {unknown}
 r - a scroll of magic mapping
 u - a scroll of enchant weapon
 w - a scroll of brand weapon
Potions
 d - a potion of ambrosia {unknown}
 f - a potion of mutation {unknown}
 i - 4 potions of curing
 k - 2 potions of might
 n - 2 potions of brilliance {unknown}
 o - 3 potions of attraction {unknown}
 s - 2 potions of heal wounds {unknown}
 v - 3 potions of degeneration
 z - 3 potions of magic {unknown}
 A - 3 potions of haste {unknown}
 B - a potion of resistance {unknown}


   Skills:
 + Level 6.1 Fighting
 + Level 0.0 Armour
 + Level 6.1 Dodging
 - Level 1.0 Stealth
 * Level 10.0 Unarmed Combat


You had 8 spell levels left.
You didn't know any spells.
Your spell library contained the following spells:

 Spells                   Type           Power      Damage    Failure   Level
 Animate Skeleton         Necr           0%         N/A       45%         1
 Magic Dart               Conj           0%         1d3       45%         1
 Pain                     Necr           0%         1d4       45%         1
 Searing Ray              Conj           0%         3d3       58%         2
 Confusing Touch          Hex            0%         N/A       83%         3
 Dazzling Flash           Conj/Hex       0%         N/A       83%         3
 Gell's Gravitas          Tloc           0%         N/A       83%         3
 Vampiric Draining        Necr           0%         2d6       83%         3
 Animate Dead             Necr           0%         N/A       99%         4
 Fulminant Prism          Conj/Hex       0%         3d6       99%         4
 Iskenderun's Mystic Bla  Conj/Tloc      0%         2d3       99%         4
 Petrify                  Tmut/Erth      0%         N/A       99%         4
 Agony                    Necr           0%         N/A       100%        5
 Metabolic Englaciation   Hex/Ice        0%         N/A       100%        5
 Yara's Violent Unravell  Hex/Tmut       0%         3d3       100%        5


Dungeon Overview and Level Annotations

Branches:
Dungeon (7/15)             Temple (0/1) D:5          Bailey (1/1)

Altars:
Dithmenos
Qazlal
Sif Muna
Xom
Zin


Innate Abilities, Weirdness & Mutations

You are too large for most types of armour.
You have claws for hands.
Your natural rate of healing is unusually fast.
You are covered in fur. (AC +1)
You have tough skin. (AC +1)


Message History

There is an open door here.
The orc no longer looks unusually strong.
Things that are here:
a +0 hand axe; a +0 leather armour The orc warlord roars a battlecry!
The orc goes into a battle-frenzy!
There is an open door here.
The orc warlord hits you but does no damage.
You barely miss the orc warlord. Your claw misses the orc warlord.
The orc warlord is heavily wounded.
The orc warlord hits you with a +0 war axe!
You scratch the orc warlord but do no damage.
The orc warlord is heavily wounded.
The orc warlord barely misses you.
There is an open door here.
You mangle the orc!!
You kill the orc!
Qazlal accepts your kill.
You mangle the hobgoblin!!
You kill the hobgoblin!
Qazlal accepts your kill. You block the orc warlord's attack.
You completely miss the orc warlord.
The orc warlord is heavily wounded.
The orc warlord hits you with a +0 war axe!!
You claw the orc warlord!
The orc warlord is heavily wounded.
The orc warlord barely misses you.
You scratch the orc warlord but do no damage.
The orc warlord is heavily wounded.
The orc warlord hits you with a +0 war axe!!
* * * LOW HITPOINT WARNING * * *
There is an open door, spattered with blood here.
You see here 4 boomerangs.
Items here: ( )) [[.
The orc warlord is engulfed in freezing vapours.
The orc warlord hits you with a +0 war axe!!
* * * LOW HITPOINT WARNING * * *
The orc warlord hits you with a +0 war axe!!
You die...

..##≈≈≈#≈≈≈####......##
..#≈:.....≈#≈≈#.....##
..#≈!........≈#.)..##
).##8.8...8.8≈##...#
.g.#.........≈≈'§..#
...#....∩....≈≈°...#
...#.........≈≈'...#
..##8.8...8.8≈##o..#
..#≈!........≈#.@..##
..#≈|.....≈#≈≈#○....##
).##≈≈≈#≈≈≈####......##
...#########......8...#
8....'g)...'..........#
.....#≈≈≈≈≈#..........#
.....#≈≈≈≈≈#...8..8..##
8...##≈≈≈≈≈##.......##
...##..(....##.....##


You could see an orc warlord.

Vanquished Creatures
  Harold (D:7)
  Joseph (D:7)
  Maggie (D:7)
  The ghost of Shayle the Ducker, an amateur BaAM (D:5)
  4 orc warriors
  An ogre (D:4)
  2 phantoms (D:4)
  A bullfrog (D:6)
  A scorpion (D:4)
  A howler monkey (D:6)
  A centaur zombie (D:5)
  6 hounds
  2 orc priests
  Natasha (D:4)
  2 orc wizards
  3 worker ants
  2 hound skeletons (D:5)
  Robin (D:4)
  7 gnolls
  A howler monkey skeleton (D:6)
  7 adders
  2 shadow imps
  A white imp (D:5)
  An adder zombie (D:5)
  An adder skeleton (D:4)
  A worm (D:4)
  A dart slug (D:1)
  14 orcs
  2 giant cockroaches
  14 goblins
  12 hobgoblins
  4 jackals
  8 oozes
  6 quokkas
  8 ball pythons
  9 bats
  4 frilled lizards
  16 kobolds
  A quokka skeleton (D:4)
  6 rats
158 creatures vanquished.

Notes
Turn   | Place    | Note
-------+----------+-------------------------------------------
     0 | D:1      | JPVeigar the Troll Monk began the quest for the Orb.
     0 | D:1      | Reached XP level 1. HP: 22/22 MP: 0/0
   100 | D:1      | Reached XP level 2. HP: 27/29 MP: 1/1
   669 | D:2      | Reached XP level 3. HP: 36/36 MP: 2/2
   947 | D:2      | Reached skill level 4 in Unarmed Combat
  1208 | D:3      | Reached XP level 4. HP: 44/44 MP: 3/3
  1348 | D:3      | Reached XP level 5. HP: 52/53 MP: 4/4
  1896 | D:4      | Reached skill level 5 in Unarmed Combat
  1966 | D:4      | Noticed an ogre
  1975 | D:4      | Killed an ogre
  1976 | D:4      | Reached XP level 6. HP: 35/61 MP: 5/5
  2260 | D:4      | Noticed Natasha
  2268 | D:4      | Noticed Robin
  2314 | D:4      | Killed Natasha
  2315 | D:4      | Reached skill level 6 in Unarmed Combat
  2319 | D:4      | Reached XP level 7. HP: 68/68 MP: 6/6
  2336 | D:4      | Killed Robin
  2610 | D:4      | Found a shadowy altar of Dithmenos.
  2652 | D:5      | Entered Level 5 of the Dungeon
  2808 | D:5      | Found a glowing silver altar of Zin.
  2994 | D:5      | Noticed Shayle's ghost (amateur BaAM)
  2995 | D:5      | Found a runed translucent gate.
  2995 | D:5      | Found a runed translucent gate.
  2995 | D:5      | Found a runed translucent gate.
  3035 | D:5      | Found a staircase to the Ecumenical Temple.
  3092 | D:5      | Found a shimmering altar of Xom.
  3129 | D:5      | Found a stormy altar of Qazlal.
  3132 | D:5      | Noticed a water elemental
  3133 | D:5      | Noticed a fire elemental
  3133 | D:5      | Noticed an air elemental
  3147 | D:5      | Became a worshipper of Qazlal Stormbringer
  3147 | D:5      | Reached * piety under Qazlal
  3147 | D:5      | Reached ** piety under Qazlal
  3478 | D:5      | Killed Shayle's ghost
  3479 | D:5      | Reached skill level 7 in Unarmed Combat
  3490 | D:5      | Reached XP level 8. HP: 79/79 MP: 7/7
  3844 | D:6      | Found a shimmering blue altar of Sif Muna.
  4028 | D:7      | Noticed Harold
  4040 | D:7      | Killed Harold
  4041 | D:7      | Reached skill level 5 in Fighting
  4041 | D:7      | Reached skill level 5 in Dodging
  4041 | D:7      | Reached skill level 8 in Unarmed Combat
  4099 | D:7      | Noticed Maggie
  4107 | D:7      | Killed Maggie
  4108 | D:7      | Reached skill level 9 in Unarmed Combat
  4108 | D:7      | Reached XP level 9. HP: 60/88 MP: 8/8
  4317 | D:7      | Noticed Joseph
  4334 | D:7      | Killed Joseph
  4513 | D:7      | Found a flagged portal.
  4525 | Bailey   | Entered a bailey
  4534 | Bailey   | Noticed an orc warlord
  4588 | Bailey   | Reached *** piety under Qazlal
  4599 | Bailey   | Found a runed translucent gate.
  4599 | Bailey   | Found a runed translucent gate.
  4599 | Bailey   | Found a runed translucent gate.
  4726 | Bailey   | Reached skill level 10 in Unarmed Combat
  5014 | Bailey   | HP: 4/89 [orc warlord/+0 war axe (20)]
  5020 | Bailey   | Demolished by an orc warlord

Illustrated notes

Levels and vault maps discovered:
D:1:      lightli_arrival_quake, layout_loops_ring,
          minmay_misc_feat_more_columns
D:2:      layout_rooms
D:3:      layout_loops_ring, minmay_surrounded
D:4:      layout_basic, marbit_many_paths, uniq_robin, uniq_natasha
D:5:      layout_loops_ring, nicolae_overflow_hidden_temple,
          nicolae_qazlal_style_of_elements, old_standard_altar,
          minmay_temple_entry_from_below_b, gammafunk_ghost_split
D:6:      layout_gridville, kennysheep_little_box
D:7:      layout_cave_pools, enter_bailey_7, uniq_joseph, uniq_harold,
          uniq_maggie
Bailey:   bailey_axe_bossmonster_kennysheep, bailey

Skill      XL: |  1  2  3  4  5  6  7  8  9 |
---------------+----------------------------+-----
Unarmed Combat | 4 5 6 7 9 10 | 10.0
Fighting       | 3 4 5 6 |  6.1
Dodging        | 3 4 5 6 |  6.1
Stealth        | |  1.0

Action                   |  1- 3 |  4- 6 |  7- 9 || total
-------------------------+-------+-------+-------++-------
Melee: Unarmed           |   121 |   114 |   226 ||   461
       Punch             |       |     2 |    12 ||    14
Invok: Upheaval          |       |       |     1 ||     1
 Abil: Evoke Flight      |       |       |     2 ||     2
  Use: Scroll            |       |       |     9 ||     9
 Stab: Sleeping          |     3 |     1 |       ||     4
Armor: Robe              |    46 |    25 |    47 ||   118
Dodge: Dodged            |    77 |    50 |   108 ||   235
Block: Other             |       |       |    11 ||    11

Table legend: (Time is in decaauts)
 A = Elapsed time spent in this place.
 B = Non-inter-level travel time spent in this place.
 C = Inter-level travel time spent in this place.
 D = Time resting spent in this place.
 E = Time spent auto-exploring this place.
 F = Levels seen in this place.
 G = Mean time per level.
                   A        B        C        D        E       F      G
               +--------+--------+--------+--------+--------+-----+--------+
         Total |   4963 |   4779 |    184 |    291 |   3332 |   8 |  620.4 |
       Dungeon |   4481 |   4297 |    184 |    253 |   3189 |   7 |  640.1 |
        Bailey |    481 |    481 |      0 |     38 |    143 |   1 |  481.0 |
               +--------+--------+--------+--------+--------+-----+--------+

Top non-repeatable levels by time:
     D:5: 986 daAuts
     D:4: 822 daAuts
     D:3: 641 daAuts
     D:1: 596 daAuts
     D:2: 565 daAuts
     D:7: 499 daAuts
  Bailey: 481 daAuts
     D:6: 368 daAuts
